 Dungeon Crawl Stone Soup version 0.19-a0-1654-g9d3f708 (webtiles) character file.

322 inmateoo the Sneak (level 6, 0/46 HPs)
             Began as a Demonspawn Earth Elementalist on Sept 20, 2016.
             Slain by Grinder (1 damage)
             ... on level 4 of the Dungeon.
             The game lasted 00:10:52 (4923 turns).

inmateoo the Sneak (Demonspawn Earth Elementalist)  Turns: 4923, Time: 00:10:53

Health: 0/46       AC:  7    Str:  8    XL:     6   Next: 22%
Magic:  9/9        EV: 12    Int: 17    God:
Gold:   104        SH:  0    Dex: 15    Spells: 3 memorised, 3 levels left

rFire  . . .     SeeInvis .     v - +4 quarterstaff (chaos)
rCold  . . .     Gourm    .     c - +0 robe
rNeg   . . .     Faith    .     (shield currently unavailable)
rPois  .         Spirit   .     (helmet restricted)
rElec  .         Dismiss  .     t - +0 cloak
rCorr  +         Reflect  .     (no gloves)
MR     .....     Harm     .     (no boots)
Stlth  ++++......               (no amulet)
                                n - ring of stealth
                                o - ring of resist corrosion

@: no status effects
A: horns 1, iridescent scales 2
a: no special abilities


You were on level 4 of the Dungeon.
You were hungry.

You visited 1 branch of the dungeon, and saw 4 of its levels.

You collected 144 gold pieces.
You spent 40 gold pieces at shops.

Inventory:

Hand Weapons
 a - a +0 flail
 h - a +0 short sword
 k - a +1 dagger of flaming
 v - a +4 quarterstaff of chaos (weapon)
Missiles
 b - 92 stones (quivered)
Armour
 c - a +0 robe (worn)
 t - a +0 cloak (worn)
Jewellery
 n - a ring of stealth (right hand)
 o - a ring of resist corrosion (left hand)
Wands
 x - a wand of random effects (26/48)
Scrolls
 l - 2 scrolls of remove curse {unknown}
 m - a scroll of blinking {unknown}
 r - a scroll of enchant armour {unknown}
 s - 2 scrolls of teleportation
Potions
 g - a potion of agility
 i - 2 potions of flight
 q - a potion of cancellation
 w - a potion of cure mutation
Books
 e - a book of Geomancy

   Spells                             Type                      Level
   a - Sandblast                      Earth                        1
   b - Passwall                       Transmutation/Earth          2
   c - Stone Arrow                    Conjuration/Earth            3
   d - Petrify                        Transmutation/Earth          4
   e - Lee's Rapid Deconstruction     Earth                        5
 j - a book of Flames

   Spells                             Type                      Level
   a - Flame Tongue                   Conjuration/Fire             1
   b - Throw Flame                    Conjuration/Fire             2
   c - Conjure Flame                  Conjuration/Fire             3
   d - Inner Flame                    Hexes/Fire                   3
   e - Sticky Flame                   Conjuration/Fire             4
   f - Fireball                       Conjuration/Fire             5
 y - a Necronomicon

   Spells                             Type                      Level
   a - Haunt                          Necromancy/Summoning         7
   b - Borgnjor's Revivification      Necromancy                   8
   c - Death's Door                   Charms/Necromancy            8
   d - Infestation                    Necromancy                   8
   e - Necromutation                  Transmutation/Necromancy     8
Comestibles
 d - 2 bread rations
 f - 2 meat rations
 p - a slice of pizza
 z - a beef jerky


   Skills:
 + Level 2.4 Fighting
 * Level 1.2 Short Blades
 + Level 2.0 Dodging
 * Level 4.2 Stealth
 - Level 3.0 Unarmed Combat
 - Level 2.0 Spellcasting
 - Level 0.8 Transmutations
 - Level 2.6 Earth Magic


You had 3 spell levels left.
You knew the following spells:

 Your Spells              Type           Power        Failure   Level  Hunger
a - Sandblast             Erth           ##....       10%         1    #......
b - Passwall              Tmut/Erth      #.........   17%         2    ###....
c - Stone Arrow           Conj/Erth      #.....       38%         3    ###....


Dungeon Overview and Level Annotations

Branches:
Dungeon (4/15)
 Temple: D:4-7

Altars:
Xom

Shops:
D:4 ?

Annotations:
D:4 Grinder


Innate Abilities, Weirdness & Mutations

You have a pair of small horns on your head.
You are mostly covered in iridescent scales. (AC +4)


Message History

Grinder barely misses you.
Grinder falters for a moment.
You hit Grinder.
Grinder is severely wounded.
Grinder hits you!
* * * LOW HITPOINT WARNING * * *
You writhe in agony.
* * * LOW HITPOINT WARNING * * *
Unknown command.
You hit Grinder.
Grinder is severely wounded.
Grinder falters for a moment.
You closely miss Grinder.
Grinder is severely wounded.
Grinder falters for a moment.
You hit Grinder.
Grinder is almost dead.
Grinder falters for a moment.
Grinder hits you!
* * * LOW HITPOINT WARNING * * *
You writhe in agony.
You die...

####.#######
#............#.# #.#
#............#.### #.#
#.....#......#..##
#.#########............##.##
#.##.....##...#.∩.#....##.##
#.##.....####.#...#######..#
#..........%#...#........#.#
####.....##.#.......####.#..
#.....##@#.......# #.....
#.....##5#.......# #..##.
#.....##.#.......# #..##.
#.....##.#... ...# #..###
#.....##.# #..# # ########.#
#..# # #.# # #.# # #..###


You could see Grinder.

Vanquished Creatures
  A centaur (D:4)
  An orc wizard (D:2)
  Crazy Yiuf (D:3)
  A hound skeleton (D:4)
  8 adders
  2 oozes
  2 worms (D:2)
  2 dart slugs
  2 leopard geckos (D:2)
  9 orcs
  6 bats
  3 giant cockroaches
  3 goblins (D:1)
  8 hobgoblins
  5 jackals
  6 kobolds
  3 quokkas
  3 frilled lizards
  5 rats
71 creatures vanquished.

Notes
Turn   | Place    | Note
-------+----------+-------------------------------------------
     0 | D:1      | inmateoo the Demonspawn Earth Elementalist began the quest for the Orb.
     0 | D:1      | Reached XP level 1. HP: 13/13 MP: 3/3
    53 | D:1      | Reached skill level 1 in Unarmed Combat
   100 | D:1      | Gained mutation: You are partially covered in iridescent scales. (AC +2) [demonic ancestry]
   100 | D:1      | Reached XP level 2. HP: 2/19 MP: 3/5
   429 | D:1      | Found a shimmering altar of Xom.
  1420 | D:2      | Reached skill level 2 in Stealth
  1420 | D:2      | Reached XP level 3. HP: 22/24 MP: 4/6
  1881 | D:2      | Gained mutation: You have a pair of small horns on your head. [demonic ancestry]
  1881 | D:2      | Reached XP level 4. HP: 10/31 MP: 7/7
  1912 | D:2      | HP: 2/46 [poisoned by an adder]
  2235 | D:2      | Reached skill level 1 in Fighting
  2658 | D:2      | Learned a level 2 spell: Passwall
  2662 | D:2      | Learned a level 3 spell: Stone Arrow
  2854 | D:2      | Reached skill level 3 in Stealth
  3164 | D:3      | Found a runed door.
  3503 | D:3      | Reached XP level 5. HP: 28/38 MP: 8/8
  4399 | D:3      | Noticed Crazy Yiuf
  4403 | D:3      | Killed Crazy Yiuf
  4522 | D:4      | Found Vonaom's Magic Scroll Shop.
  4550 | D:4      | Bought a scroll of identify for 20 gold pieces
  4550 | D:4      | Bought a scroll of identify for 20 gold pieces
  4572 | D:4      | Noticed a centaur
  4583 | D:4      | Killed a centaur
  4583 | D:4      | Reached skill level 1 in Short Blades
  4583 | D:4      | Reached skill level 4 in Stealth
  4583 | D:4      | Gained mutation: You are mostly covered in iridescent scales. (AC +4) [demonic ancestry]
  4583 | D:4      | Reached XP level 6. HP: 6/46 MP: 9/9
  4911 | D:4      | Noticed Grinder
  4923 | D:4      | HP: 1/46 [Grinder (8)]
  4923 | D:4      | Slain by Grinder

Vault maps used:
D:1:      dpeg_arrival_arbitrary_c, xom_teletrap_fun
D:2:      lemuel_upstairs_altar
D:3:      hangedman_glass_teeth, serial_bayou_lagoon_a, uniq_crazy_yiuf_cottage
D:4:      serial_shops, nicolae_shop_stone, nemelex_xobeh_ov_fountains_minmay,
          uniq_grinder

Skill      XL: |  1  2  3  4  5 |
---------------+----------------+-----
Unarmed Combat | 1 2 3 |  3.0
Stealth        | 2 3 4 |  4.2
Fighting       | 1 2 |  2.4
Short Blades   | 1 |  1.2
Dodging        | 2 |  2.0
Spellcasting   | |  2.0
Transmutations | |  0.8
Earth Magic    | |  2.6

Action                   |  1- 3 |  4- 6 || total
-------------------------+-------+-------++-------
Melee: Dagger            |   139 |   179 ||   318
       Punch             |     1 |     2 ||     3
       Headbutt          |       |    25 ||    25
       Quarterstaff      |       |    15 ||    15
 Cast: Sandblast         |     9 |    16 ||    25
       Stone Arrow       |       |     1 ||     1
       Passwall          |       |     1 ||     1
  Use: Potion            |       |     6 ||     6
       Scroll            |       |     7 ||     7
 Stab: Sleeping          |     2 |     3 ||     5
       Invisible         |       |     3 ||     3
  Eat: Chunk             |     3 |    10 ||    13
Armor: Robe              |    50 |    65 ||   115
Dodge: Dodged            |    91 |   173 ||   264
